 Dungeon Crawl Stone Soup version 0.24.0-123-gd5b16e6ec5 (webtiles) character file.

Game seed: 7360981421872623028, levelgen mode: deterministic

25 Descartes the Sneak (level 2, -3/11 HPs)
             Began as a Felid Enchanter on Feb 8, 2020.
             Killed by nerve-wracking pain
             ... invoked by Jessica
              (13 damage)
             ... on level 2 of the Dungeon.
             The game lasted 00:02:04 (1493 turns).

Descartes the Sneak (Felid Enchanter)               Turns: 1493, Time: 00:02:06

Health: -3/11      AC:  1    Str:  4    XL:     2   Next: 82%
Magic:  6/6        EV: 18    Int: 16    God:
Gold:   58         SH:  0    Dex: 16    Spells: 4/5 levels left
                                        Lives:  0   Deaths: 0

rFire    . . .     SeeInvis +     - Unarmed
rCold    . . .     Gourm    .   (shield unavailable)
rNeg     . . .     Faith    .   (armour unavailable)
rPois    .         Spirit   .   (helmet unavailable)
rElec    .         Reflect  .   (cloak unavailable)
rCorr    .         Harm     .   (gloves unavailable)
MR       .....                  (boots unavailable)
Stlth    ++++......             (no amulet)
HPRegen  0.03/turn              (no ring)
MPRegen  0.10/turn              (no ring)

@: quick
A: very small, no armour, no weapons or thrown items, stealth, claws 1, fangs 3,
see invisible, carnivore, speed 1, shaggy fur 1, slow metabolism 1, sharp paws
a: no special abilities


You were on level 2 of the Dungeon.
You were completely stuffed.

You visited 1 branch of the dungeon, and saw 2 of its levels.

You collected 58 gold pieces.

Inventory:

Missiles
 e - 43 stones
 h - 23 arrows
Scrolls
 d - a scroll of enchant weapon {unknown}
 f - a scroll of teleportation {unknown}
Potions
 a - a potion of curing {unknown}
 c - a potion of invisibility {unknown}
 i - a potion of might {unknown}
 j - a potion of heal wounds {unknown}
Comestibles
 b - 2 rations
 g - a chunk of flesh


   Skills:
 - Level 2.6 Dodging
 + Level 5.7 Stealth
 - Level 1.0 Unarmed Combat
 - Level 2.0 Spellcasting
 - Level 4.4 Hexes


You had 4 spell levels left.
You knew the following spells:

 Your Spells              Type           Power        Failure   Level  Hunger
a - Corona                Hex            ###....      3%          1    #......

Your spell library contained the following spells:

 Spells                   Type           Power        Failure   Level  Hunger
 Confuse                  Hex            ###.....     11%         3    ###....
 Tukima's Dance           Hex            ###.....     11%         3    ###....
 Ensorcelled Hibernation  Hex/Ice        #.....       13%         2    ###....
 Dazzling Spray           Conj/Hex       #.....       26%         3    ###....


Dungeon Overview and Level Annotations

Branches:
Dungeon (2/15)

Altars:

Annotations:
D:2 Jessica


Innate Abilities, Weirdness & Mutations

You cannot wear armour.
You are incapable of wielding weapons or throwing items.
Your paws allow you to move quietly. (Stealth)
You have sharp claws.
You have razor-sharp teeth.
You have supernaturally acute eyesight. (SInv)
You are carnivorous and can eat meat at any time.
You cover ground quickly.
You are covered in fur. (AC +1)
You have a slow metabolism.
Your sharp claws are effective at attacking unaware monsters.


Message History

Jessica the Apprentice Sorceress comes into view.
She is wielding a +0 club. 2 jackals come into view.
The jackal barks!
You hear a bark!
The kobold shouts!
The kobold completely misses you.
A jackal comes into view.
Jessica shouts, "I don't like beings like you!"
You closely miss the kobold. The kobold misses you.
You miss the kobold.
The jackal bites you but does no damage.
The jackal misses you. The kobold completely misses you.
Jessica casts a spell.
Jessica seems to speed up.
You scratch the kobold.
The kobold is moderately wounded.
The jackal bites you. The jackal closely misses you.
Jessica says, "I'm really upset."
Jessica casts a spell at you. Pain shoots through your body!
Ouch! That really hurt!
You die...

.. #.....# .# #.....#
.##.....# ....@..# ..
..K...# .... ##.....#
##...###...K..#
#.....#....@h..#
#.##.......#h..#
#.#....)...#...#
#.#......$.#.....
#.#........#...h...
#....>....###......
#.........# ......
#.........# ##########
.#####....รท....###........#


You could see Jessica, 3 jackals and 2 kobolds.

Vanquished Creatures
  2 dart slugs (D:1)
  A leopard gecko (D:1)
  A ball python (D:1)
  3 goblins
  2 hobgoblins (D:1)
  3 bats (D:1)
  2 frilled lizards (D:1)
  4 kobolds
  4 rats
22 creatures vanquished.

Notes
Turn   | Place    | Note
-------+----------+-------------------------------------------
     0 | D:1      | Descartes the Felid Enchanter began the quest for the Orb.
     0 | D:1      | Reached XP level 1. HP: 7/7 MP: 4/4
   601 | D:1      | Reached XP level 2. HP: 11/11 MP: 6/6
   612 | D:1      | Reached skill level 5 in Stealth
  1489 | D:2      | Noticed Jessica
  1493 | D:2      | Killed from afar by Jessica

Levels and vault maps discovered:
D:1:      dpeg_arrival_simpleton_c, layout_loops_ring
D:2:      layout_basic, first_ration, minmay_misc_feat_plants,
          trog_three_pillars_becter, uniq_jessica

Skill      XL: |  1  2 |
---------------+-------+-----
Stealth        | 5 |  5.7
Dodging        | |  2.6
Unarmed Combat | |  1.0
Spellcasting   | |  2.0
Hexes          | |  4.4

Action                   || total
-------------------------++-------
Melee: Unarmed           ||    83
       Bite              ||     6
 Stab: Sleeping          ||     6
  Eat: Chunk             ||     8
Armor: Skin              ||    13
Dodge: Dodged            ||    84
